 Dungeon Crawl Stone Soup version 0.32-a0-22-g6ae6769602 (webtiles) character file.

Game seed: 14775210558643816968

24 innerfire43 the Cutter (level 2, -4/21 HPs)
             Began as a Demonspawn Wanderer on Jan 18, 2024.
             Slain by an iguana (11 damage)
             ... on level 2 of the Dungeon.
             The game lasted 00:02:19 (1196 turns).

innerfire43 the Cutter (Demonspawn Wanderer)        Turns: 1196, Time: 00:02:20

Health: -4/21      AC:  4    Str: 13    XL:     2   Next: 79%
Magic:  2/2        EV: 11    Int: 11    God:
Gold:   52         SH:  0    Dex: 12    Spells: 1/1 levels left

rFire   + . .        a - +2 short sword
rCold   + . .        (no shield)
rNeg    . . .        e - +0 leather armour
rPois   .            c - +0 helmet
rElec   .            m - scarf {rC+ rF+}
rCorr   .            (no gloves)
SInv    .            (no boots)
Will    .....        (no amulet)
Stlth   ++           (no ring)
HPRegen 1.23/turn    (no ring)
MPRegen 0.08/turn

%: no passive effects
@: no status effects
A: powered by death 1
a: no special abilities


You were on level 2 of the Dungeon.
You visited 1 branch of the dungeon, and saw 2 of its levels.

You collected 52 gold pieces.

Inventory:

Hand Weapons
 a - a +2 short sword (weapon)
 b - a +0 hand axe
Armour
 c - a +0 helmet (worn)
 e - a +0 leather armour (worn)
 j - a +0 cloak
 m - a scarf of resistance (worn)
Scrolls
 d - a scroll of blinking
 f - 6 scrolls of identify {unknown}
 i - a scroll of revelation {unknown}
Potions
 g - 2 potions of ambrosia {unknown}
 h - a potion of curing {unknown}
 k - 2 potions of enlightenment {unknown}
 l - a potion of brilliance {unknown}


   Skills:
 + Level 1.6 Fighting
 + Level 3.8 Short Blades
 - Level 1.0 Axes
 + Level 0.9 Armour
 + Level 1.4 Dodging
 - Level 2.6 Stealth


You had one spell level left.
You didn't know any spells.
Your spell library was empty.

Dungeon Overview and Level Annotations

Branches:
Dungeon (2/15)

Altars:


Innate Abilities, Weirdness & Mutations

You regenerate a little health from kills.


Message History

The endoplasm jiggles.
The iguana bites you but does no damage.
You hit the iguana but do no damage.
The iguana is lightly wounded.
You hit the iguana but do no damage.
The iguana is lightly wounded.
The iguana barely misses you.
You closely miss the iguana.
The iguana is lightly wounded.
The giant cockroach closely misses you. The iguana closely misses you.
You hit the iguana.
The iguana is moderately wounded.
The giant cockroach bites you but does no damage.
The iguana bites you.
You hit the iguana.
The iguana is heavily wounded.
The giant cockroach barely misses you. The iguana bites you.
You hit the iguana but do no damage.
The iguana is heavily wounded.
The giant cockroach bites you.
You hit the iguana but do no damage.
The iguana is heavily wounded.
The iguana closely misses you. The giant cockroach bites you.
You are too injured to fight recklessly!
The giant cockroach attacks as it pursues you!
The giant cockroach bites you but does no damage.
The iguana hisses menacingly.
The iguana attacks as it pursues you! The iguana bites you.
* * * LOW HITPOINT WARNING * * *
The giant cockroach bites you but does no damage.
You hit the giant cockroach.
You kill the giant cockroach!
You closely miss the iguana.
The iguana is heavily wounded.
The iguana barely misses you.
You hit the iguana.
The iguana is severely wounded.
The iguana bites you!
Ouch! That really hurt!
You die...

#.# #.#..#### #.#
#......# ####.####
#.#.##.#
#.......######.#.##.###
#.##.##.....##.#.......
#. #.##.###.##.#..#.###
###.##....# #.##.#..#.#
#......##.###....<.#..#
##.#...Jl@.....##.†..###
....###.########...###
...............#...#
.............#.#...#
...........##..#...# ###
..........#.# #...# #..
##......##.#..
#...#####.. #.#....#.
#.... ...... .#.#..# #
.... ......


You could see an iguana and an endoplasm.

Vanquished Creatures
  A ribbon worm (D:2)
  A bat (D:1)
  2 giant cockroaches
  A goblin (D:2)
  A hobgoblin (D:1)
  5 jackals (D:2)
  2 kobolds
  2 quokkas (D:1)
  A ball python (D:1)
  A frilled lizard (D:2)
  2 rats
19 creatures vanquished.

Notes
Turn   | Place    | Note
-------+----------+-------------------------------------------
     0 | D:1      | innerfire43 the Demonspawn Wanderer began the quest for the
                  | Orb.
     0 | D:1      | innerfire43 set off with the following items: a +2 short
                  | sword, a +0 hand axe, a +0 helmet, a scroll of blinking, a
                  | +0 leather armour.
     0 | D:1      | Reached XP level 1. HP: 15/15 MP: 1/1
   216 | D:1      | You fall into a shaft and drop 1 floor!
   296 | D:2      | Gained mutation: You regenerate a little health from kills.
                  | [demonic ancestry]
   296 | D:2      | Reached XP level 2. HP: 15/21 MP: 2/2
  1196 | D:2      | Slain by an iguana

Illustrated notes

Levels and vault maps discovered:
D:1:      ldierk_walled_garden_2, layout_loops_corners, minivault_4
D:2:      layout_loops_cross, basic_altar, minmay_misc_feat_secret_circle,
          uniq_natasha

Action                     || total
---------------------------++-------
  Melee: Short sword       ||    98
   Stab: Sleeping          ||     1
 Armour: Leather armour    ||    57
  Dodge: Dodged            ||    57

Table legend: (Time is in decaauts)
 A = Elapsed time spent in this place.
 B = Non-inter-level travel time spent in this place.
 C = Inter-level travel time spent in this place.
 D = Time resting spent in this place.
 E = Time spent auto-exploring this place.
 F = Levels seen in this place.
 G = Mean time per level.
                   A        B        C        D        E       F      G
               +--------+--------+--------+--------+--------+-----+--------+
         Total |   1183 |   1160 |     23 |      0 |    893 |   2 |  591.5 |
       Dungeon |   1183 |   1160 |     23 |      0 |    893 |   2 |  591.5 |
               +--------+--------+--------+--------+--------+-----+--------+

Top non-repeatable levels by time:
     D:1: 999 daAuts
     D:2: 184 daAuts
